 Dungeon Crawl Stone Soup version 0.29.1-12-g30fa7ad0bf (webtiles) character file.

Game seed: 2723480766897013963

263 wingedge the Chopper (level 6, 0/56 HPs)
             Began as a Hill Orc Berserker on Jan 1, 2023.
             Was a Believer of Trog.
             Slain by Prince Ribbit (6 damage)
             ... on level 5 of the Dungeon.
             The game lasted 00:07:39 (4333 turns).

wingedge the Chopper (Hill Orc Berserker)           Turns: 4333, Time: 00:07:39

Health: 0/56       AC: 14    Str: 22    XL:     6   Next: 19%
Magic:  6/6        EV:  7    Int:  7    God:    Trog [**....]
Gold:   225        SH:  0    Dex: 10    Spells: 5/5 levels left

rFire   . . .      SeeInvis .   a - +0 war axe (vamp)
rCold   . . .      Faith    .   (no shield)
rNeg    . . .      Spirit   .   b - +0 plate armour
rPois   .          Reflect  .   (no helmet)
rElec   .          Harm     .   (no cloak)
rCorr   .          Rampage  .   i - +1 pair of gloves
Will    .....                   (no boots)
Stlth   ..........              (no amulet)
HPRegen 0.18/turn               (no ring)
MPRegen 0.10/turn               (no ring)

@: on berserk cooldown, slowed, very slow
A: no striking features
a: Renounce Religion, Berserk, Trog's Hand


You were on level 5 of the Dungeon.
You worshipped Trog.
Trog was pleased with you.
You visited 1 branch of the dungeon, and saw 5 of its levels.

You collected 225 gold pieces.

Inventory:

Hand Weapons
 a - a +0 vampiric war axe (weapon)
Armour
 b - a +0 plate armour (worn)
 i - a +1 pair of gloves (worn)
 r - a +0 chain mail
Scrolls
 j - a scroll of amnesia {unknown}
 k - a scroll of noise {unknown}
 l - 2 scrolls of brand weapon
 m - a scroll of acquirement {unknown}
 p - a scroll of enchant weapon {unknown}
 q - 2 scrolls of teleportation
 v - a scroll of vulnerability {unknown}
Potions
 c - 3 potions of mutation
 d - a potion of haste {unknown}
 f - a potion of heal wounds {unknown}
 g - a potion of attraction {unknown}
 h - 2 potions of invisibility {unknown}
 n - 2 potions of cancellation {unknown}
 o - 3 potions of curing
 s - a potion of brilliance {unknown}
 t - a potion of flight {unknown}
 u - a potion of degeneration {unknown}
 w - a potion of might {unknown}


   Skills:
 - Level 5.0 Fighting
 - Level 6.0 Axes
 + Level 4.6 Armour
 - Level 2.0 Dodging


You had 5 spell levels left.
You didn't know any spells.
Your spell library contained the following spells:

 Spells                   Type           Power      Damage    Failure   Level
 Summon Small Mammal      Summ           0%         N/A       100%        1
 Call Canine Familiar     Summ           0%         N/A       100%        3
 Summon Guardian Golem    Hex/Summ       0%         N/A       100%        3


Dungeon Overview and Level Annotations

Branches:
Dungeon (5/15)
 Temple: D:4-7

Altars:
Cheibriados
Hepliaklqana
Kikubaaqudgha
Nemelex Xobeh
Sif Muna

Annotations:
D:4 Blork the orc
D:5 Prince Ribbit


Message History

You slash Prince Ribbit! You closely miss the gnoll.
Prince Ribbit completely misses you.
Prince Ribbit hits you but does no damage.
You barely miss the gnoll. You closely miss Prince Ribbit.
The gnoll hits you but does no damage.
Prince Ribbit hits you but does no damage.
You slash the gnoll!
You kill the gnoll!
Trog accepts your kill.
You hit Prince Ribbit.
Prince Ribbit hits you but does no damage.
You slash Prince Ribbit!
Prince Ribbit is severely wounded.
You feel the effects of Trog's Hand fading.
Prince Ribbit blinks!
You see here a +0 whip.
You miss Prince Ribbit.
Prince Ribbit is severely wounded.
Prince Ribbit hits you.
You closely miss Prince Ribbit.
Prince Ribbit is severely wounded.
Prince Ribbit blinks!
Found a falchion.
You are no longer berserk.
You are exhausted.
You feel yourself slow down. Prince Ribbit hits you!
Prince Ribbit hits you but does no damage.
You miss Prince Ribbit.
Prince Ribbit is severely wounded.
Your skin stops crawling.
You feel less strong-willed. Prince Ribbit hits you.
* * * LOW HITPOINT WARNING * * *
Prince Ribbit hits you!
* * * LOW HITPOINT WARNING * * *
Okay, then.
You feel better. Prince Ribbit hits you.
* * * LOW HITPOINT WARNING * * *
Prince Ribbit hits you.
You die...

#...........
............ .......g..
#....... ###ยง#
###########...###
#..<.).....)....#
#..).)..........#
#@...#............
......F..####.#.#.......
........................
.........####...........
.).......# #...........
.........# ....#.......
.........# #.##.....#


You could see Prince Ribbit.

Vanquished Creatures
  A scorpion (D:4)
  Terence (D:3)
  Robin (D:3)
  5 adders
  3 gnolls (D:5)
  2 worms (D:2)
  A dart slug (D:3)
  4 orcs (D:4)
  7 bats
  6 endoplasms
  4 giant cockroaches
  12 goblins
  9 hobgoblins
  4 jackals (D:3)
  6 kobolds
  4 quokkas
  2 ball pythons
  3 frilled lizards
  5 rats
80 creatures vanquished.

Notes
Turn   | Place    | Note
-------+----------+-------------------------------------------
     0 | D:1      | wingedge the Hill Orc Berserker began the quest for the
                  | Orb.
     0 | D:1      | Reached XP level 1. HP: 19/19 MP: 1/1
   252 | D:1      | Reached XP level 2. HP: 23/27 MP: 2/2
   380 | D:1      | Found a faded altar of an unknown god.
  1309 | D:2      | Reached XP level 3. HP: 4/34 MP: 3/3
  1311 | D:2      | HP: 2/51 [worm (5)]
  1732 | D:2      | Reached ** piety under Trog
  1854 | D:2      | Reached skill level 5 in Fighting
  2080 | D:3      | Reached XP level 4. HP: 39/42 MP: 4/4
  2138 | D:3      | Noticed Terence
  2148 | D:3      | Killed Terence
  2149 | D:3      | Reached skill level 5 in Axes
  2493 | D:3      | Reached XP level 5. HP: 36/48 MP: 5/5
  2577 | D:3      | Found a hazy altar of Hepliaklqana.
  2938 | D:3      | Noticed Robin
  2947 | D:3      | Killed Robin
  3095 | D:4      | Found a sparkling altar of Nemelex Xobeh.
  3467 | D:4      | Found an ancient bone altar of Kikubaaqudgha.
  3723 | D:4      | Reached skill level 6 in Axes
  3752 | D:4      | Reached XP level 6. HP: 36/56 MP: 6/6
  3936 | D:4      | Found a snail-covered altar of Cheibriados.
  4179 | D:4      | Noticed Blork the orc
  4191 | D:4      | Found a shimmering blue altar of Sif Muna.
  4283 | D:5      | Entered Level 5 of the Dungeon
  4295 | D:5      | Noticed Prince Ribbit
  4333 | D:5      | Slain by Prince Ribbit

Illustrated notes

Levels and vault maps discovered:
D:1:      doesnt_arrival_eight_statues, layout_loops_corners,
          shapermc_ecumenical_altar_ellora, dk_noncrumbling_2
D:2:      layout_rooms
D:3:      layout_loops_ring, mainiacjoe_overflow_24_doors, st_stairs_7,
          uniq_robin, uniq_terence
D:4:      layout_loops_corners, tgw_sif, cheibriados_altar_1,
          nemelex_diamond_rough_becter, kiku_gazebo_pond_becter, minivault_23,
          kennysheep_generic_room_3
D:5:      layout_basic, pdpol_temple_overflow_zin_treasury_gozag_greed,
          nicolae_tso_besieged_by_evil, serial_shops,
          nicolae_shop_advertising_works [nicolae_subvault_shop_adworks],
          guppyfry_shop_venom, uniq_crazy_yiuf_cottage, uniq_prince_ribbit1

Skill      XL: |  1  2  3  4  5 |
---------------+----------------+-----
Fighting       | 4 5 |  5.0
Dodging        | 2 |  2.0
Axes           | 5 6 |  6.0
Armour         | 3 4 |  4.6

Action                   |  1- 3 |  4- 6 || total
-------------------------+-------+-------++-------
Melee: Hand axe          |   109 |    96 ||   205
       War axe           |       |    57 ||    57
       Punch             |       |     2 ||     2
Invok: Berserk           |     1 |     3 ||     4
       Trog's Hand       |       |     2 ||     2
  Use: Potion            |       |     2 ||     2
       Scroll            |       |     4 ||     4
 Stab: Sleeping          |     2 |       ||     2
Armor: Animal skin       |    37 |     1 ||    38
       Chain mail        |       |    12 ||    12
       Plate armour      |       |    71 ||    71
Dodge: Dodged            |    74 |    58 ||   132
